Map: Oxide LE

Players

Probe - Winner!

  • Race: Protoss Protoss

Seither

  • Race: Terran Terran
  • League: Grandmaster

Event: DreamHack SC2 Masters 2021 Summer

VOD

Have the link to the VOD?

Description

Time

  • Played on: May 23, 2021, 6:11 a.m.
  • Length: 5:35

All games in this series

Show
View Real Time Build Order
Export as new Build Order

Probe Protoss - Winner!

Build Orders: 1 Gate Expand, Oracle Opening 

Get SALT Encoding   

  12  0:00  Probe  
  13  0:12  Probe  
  14  0:17  Pylon  
  14  0:24  Probe (Chrono Boost)  
  16  0:36  Probe (Chrono Boost)  
  16  0:39  Gateway  
  16  0:43  Probe (Chrono Boost)  
  16  0:46  Assimilator  
  17  0:50  Probe  
  18  1:03  Probe  
  19  1:15  Probe  
  20  1:26  Cybernetics Core  
  20  1:32  Nexus  
  20  1:34  Probe  
  21  1:41  Pylon  
  21  1:46  Probe  
  22  1:51  Assimilator  
  22  1:59  Probe  
  22  2:00  Adept (Chrono Boost)  
  25  2:11  Probe (Chrono Boost)  
  27  2:23  Adept, Probe (Chrono Boost)  
  27  2:28  Probe (Chrono Boost)  
  30  2:30  Stargate  
  30  2:39  Probe (Chrono Boost)  
  30  2:43  Warp Gate  
  31  2:44  Probe (Chrono Boost)  
  33  2:53  Adept  
  33  2:54  Probe x2 (Chrono Boost)  
  36  2:59  Probe (Chrono Boost)  
  36  3:01  Probe  
  38  3:10  Probe  
  38  3:11  Oracle (Chrono Boost)  
  39  3:13  Pylon, Probe  
  43  3:23  Probe  
  43  3:25  Probe  
  45  3:29  Gateway  
  45  3:31  Gateway  
  45  3:35  Probe  
  45  3:37  Probe  
  45  3:38  Oracle (Chrono Boost)  
  45  3:39  Shield Battery  
  49  3:47  Probe  
  50  3:49  Pylon  
  50  3:50  Probe  
  51  3:59  Probe  
  51  4:00  Assimilator  
  51  4:01  Pylon  
  51  4:02  Probe  
  53  4:03  Assimilator  
  53  4:05  Oracle (Chrono Boost)  
  56  4:11  Probe  
  56  4:14  Probe  
  58  4:17  Pylon  
  58  4:23  Probe  
  59  4:26  Probe  
  59  4:31  Stalker x2  
  62  4:35  Probe  
  62  4:37  Pylon  
  66  4:44  Nexus  
  66  4:50  Stalker, Shield Battery  
  67  4:59  Probe  
  65  5:01  Probe  
  65  5:06  Stalker x2  
  64  5:11  Probe  
  64  5:13  Probe  
  66  5:15  Twilight Council  
  66  5:16  Forge  
Show
View Real Time Build Order
Export as new Build Order

Seither Terran 

Build Orders:  

Get SALT Encoding   

  12  0:00  SCV  
  13  0:12  SCV  
  14  0:16  Supply Depot  
  14  0:24  SCV  
  15  0:38  SCV  
  15  0:39  Barracks  
  16  0:43  Refinery  
  16  0:50  SCV  
  17  1:02  SCV  
  18  1:14  SCV  
  19  1:27  Marine, Orbital Command  
  20  1:42  Command Center  
  20  1:48  Barracks Reactor  
  20  1:53  SCV  
  21  1:57  Supply Depot  
  21  2:05  SCV  
  22  2:11  Barracks  
  22  2:18  SCV  
  23  2:23  Barracks  
  23  2:26  Marine  
  23  2:28  Marine  
  25  2:32  SCV  
  26  2:43  Marine  
  27  2:44  SCV  
  27  2:46  Marine  
  29  2:55  Orbital Command  
  29  2:58  SCV  
  30  2:59  Barracks Tech Lab  
  30  3:01  Marine  
  30  3:04  Marine  
  32  3:10  Barracks Tech Lab  
  32  3:15  SCV  
  32  3:19  Stimpack, Marauder  
  35  3:22  SCV  
  35  3:25  Supply Depot  
  36  3:27  Marine  
  36  3:28  Marine  
  36  3:29  Marauder  
  36  3:31  Combat Shield  
  40  3:40  Marauder  
  42  3:45  Engineering Bay  
  42  3:46  Marine x2  
  44  3:50  Supply Depot  
  44  3:52  Marauder  
  44  3:54  SCV x2  
  48  4:03  Marauder  
  48  4:05  Marine x2  
  52  4:11  Supply Depot  
  52  4:14  Marauder  
  54  4:26  Marine x2  
  54  4:27  Marauder  
  58  4:34  Supply Depot  
  58  4:37  Marauder  
  60  4:40  SCV x2  
  60  4:44  Marine x2  
  64  4:48  Marauder  
  64  4:50  Concussive Shells  
  58  5:04  Marine x2, Marauder  
  51  5:10  Marauder  
Tags
 
Add a new tag
Caveats
  • Supply blocks, unpowered buildings, or Contaminate may cause inaccurate times.
  • Supply counts are checked every 10 seconds.